 Dungeon Crawl Stone Soup version 0.26-a0-317-ge2f3d4a7ca (webtiles) character file.

Game seed: 8351994591547731360

52 Armourdillo the Ruffian (level 3, -1/27 HPs)
             Began as a Palentonga Transmuter on July 16, 2020.
             Slain by Robin
             ... wielding a +0 spear
              (2 damage)
             ... on level 2 of the Dungeon.
             The game lasted 00:04:04 (1598 turns).

Armourdillo the Ruffian (Palentonga Transmuter)     Turns: 1598, Time: 00:04:05

Health: -1/27      AC:  4    Str: 13    XL:     3   Next: 60%
Magic:  5/6        EV: 10    Int: 14    God:
Gold:   71         SH:  0    Dex: 10    Spells: 0/6 levels left

rFire    . . .     SeeInvis +     - Unarmed
rCold    . . .     Faith    .   (no shield)
rNeg     . . .     Spirit   .   b - +0 robe
rPois    .         Reflect  .   (no helmet)
rElec    .         Harm     .   (no cloak)
rCorr    .                      (no gloves)
MR       .....                  (boots restricted)
Stlth    +.........             (no amulet)
HPRegen  0.09/turn              (no ring)
MPRegen  0.10/turn              (no ring)

@: brilliant, lethally poisoned (-1 -> -9), flying
A: large, rugged brown scales 3, see invisible, deformed body, roll, armoured
tail
a: Rolling Charge


You were on level 2 of the Dungeon.
You visited 1 branch of the dungeon, and saw 2 of its levels.

You collected 71 gold pieces.

Inventory:

Missiles
 a - 35 arrows
Armour
 b - a +0 robe (worn)
Jewellery
 f - an uncursed amulet of faith {unknown}
 m - an uncursed ring of flight {unknown}
Scrolls
 c - 4 scrolls of teleportation {unknown}
 j - a scroll of identify {unknown}
 k - a scroll of enchant weapon {unknown}
 n - a scroll of noise {unknown}
Potions
 e - a potion of stabbing {unknown}
 g - a potion of brilliance
 i - a potion of haste {unknown}
 l - 2 potions of mutation {unknown}


   Skills:
 - Level 1.0 Fighting
 - Level 1.5 Dodging
 - Level 4.4 Unarmed Combat
 - Level 2.0 Spellcasting
 + Level 2.1 Transmutations
 * Level 0.6 Poison Magic


You couldn't memorise any spells.
You knew the following spells:

 Your Spells              Type           Power        Failure   Level
a - Beastly Appendage     Tmut           ##....       10%         1
b - Sticks to Snakes      Tmut           ##......     16%         2
c - Spider Form           Tmut/Pois      #.........   38%         3

Your spell library contained the following spells:

 Spells                   Type           Power        Failure   Level
 Ice Form                 Ice/Tmut       #.......     83%         4
 Blade Hands              Tmut           ##........   95%         5


Dungeon Overview and Level Annotations

Branches:
Dungeon (2/15)

Altars:

Annotations:
D:2 Robin


Innate Abilities, Weirdness & Mutations

You are completely covered in rugged brown scales. (AC +3, +7% HP)
You have supernaturally acute eyesight. (SInv)
Armour fits poorly on your strangely shaped body.
You can roll at foes to attack.
You have a long armoured tail.


Message History

You feel sick. The adder bites you.
* * * LOW HITPOINT WARNING * * *
The adder barely misses you. Robin hits you but does no damage.
It was a potion of brilliance.
You feel clever all of a sudden. The adder completely misses you.
Robin hits you but does no damage.
Unknown command.
Okay, then.
Roll where?
Press: ? - help, Dir - move target cursor, p - adder You can't see anything there to charge at!
You can't see anything there to charge at!
Okay, then.
It was a potion of flight.
You feel very buoyant.
You fly up into the air.
* * * LOW HITPOINT WARNING * * *
You feel sick. The adder barely misses you.
Robin hits you from afar with a +0 spear.
You die...

#.##.##.###.#
##.##
..##.##.....#
###...#
..##.########
#.....#
..##.#
#.#...#
.###.#
#.##### .#
#.# #.# .#
#.# #.# .#
#.### #.# .#
#...# #@# .#
###.# #S# .#
#.# #g# ##
#.# #.######
# #)#
#......# #
#.# ######g#
# #.# #.# #
#.# #S# # #.#
#g#


You could see Robin and an adder.

Vanquished Creatures
  An adder (D:2)
  A worm (D:2)
  3 dart slugs
  2 leopard geckos (D:2)
  An orc (D:2)
  3 bats
  3 giant cockroaches
  3 goblins
  5 hobgoblins
  A quokka (D:2)
  A frilled lizard (D:2)
  A kobold (D:1)
  5 rats
30 creatures vanquished.

Vanquished Creatures (collateral kills)
  A goblin (D:2)
1 creature vanquished.

Grand Total: 31 creatures vanquished

Notes
Turn   | Place    | Note
-------+----------+-------------------------------------------
     0 | D:1      | Armourdillo the Palentonga Transmuter began the quest for
                  | the Orb.
     0 | D:1      | Reached XP level 1. HP: 16/16 MP: 3/3
   292 | D:1      | Reached XP level 2. HP: 14/22 MP: 5/5
   766 | D:1      | Reached skill level 4 in Unarmed Combat
   869 | D:2      | Learned a level 2 spell: Sticks to Snakes
   930 | D:2      | Reached XP level 3. HP: 27/27 MP: 6/6
   935 | D:2      | Learned a level 3 spell: Spider Form
  1567 | D:2      | Noticed Robin
  1596 | D:2      | HP: 1/27 [adder (1)]
  1598 | D:2      | Slain by Robin

Illustrated notes

Levels and vault maps discovered:
D:1:      psy_arrival_spokes, layout_rooms, serial_forest,
          infiniplex_forest_lined_4_way, infiniplex_forest_clump_large,
          infiniplex_forest_lined_room_2, infiniplex_forest_pool,
          infiniplex_forest_end_1, infiniplex_forest_lined_3
D:2:      layout_loops_ring, minmay_pentomino_z4, uniq_robin

Skill      XL: |  1  2 |
---------------+-------+-----
Unarmed Combat | 4 |  4.4
Fighting       | |  1.0
Dodging        | |  1.5
Spellcasting   | |  2.0
Transmutations | |  2.1
Poison Magic   | |  0.6

Action                   || total
-------------------------++-------
Melee: Unarmed           ||    82
       Kick              ||     4
       Tailslap          ||     9
       Headbutt          ||     3
 Cast: Beastly Appendage ||     7
       Sticks to Snakes  ||     2
 Abil: Rolling Charge    ||     2
  Use: Potion            ||     3
Armor: Robe              ||    22
Dodge: Dodged            ||    43

Table legend:
 A = Non-vault XP
 B = Vault XP
 C = Vault XP percentage of total XP
 D = Non-vault monster count
 E = Vault monster count
 F = Vault count percentage of total count
                 A         B        C        D         E       F
            +---------+---------+-------+---------+---------+-------
      Total |      67 |       8 |  10.7 |      27 |       4 |  12.9
            +---------+---------+-------+---------+---------+-------
        D:1 |      29 |       0 |   0.0 |      14 |       0 |   0.0
        D:2 |      38 |       8 |  17.4 |      13 |       4 |  23.5
            +---------+---------+-------+---------+---------+-------
